Red Wings vs Flames
Created - November 17, 2020 at 19:25
Goals
|
| Red Wings |
1 |
0 |
0 |
1 |
| Flames |
2 |
0 |
1 |
3 |
|
Shots
|
| Red Wings |
10 |
11 |
7 |
28 |
| Flames |
8 |
13 |
9 |
30 |
|
1st period
1. Red Wings , Mike Richards 6 (Jakub Kindl 3) at 12:08
2. Flames , Colin Wilson 4 (Alexander Semin 8, Brendan Mikkelson 1) at 17:22
3. Flames , Steve Regier 1 (Anders Lee 1, David Backes 5) at 18:14
Penalties :
Erik Johnson (Cal) for High sticking (Minor) at 8:49, Alexander Radulov (Cal) for Interference (Minor) at 14:31
2nd period
No Goal
Penalties :
Eric Staal (Cal) for Holding (Minor) at 0:22, Sean Bergenheim (Det) for Holding Stick (Minor) at 5:08, Eric Staal (Cal) for Cross-checking (Minor) at 7:41
3rd period
4. Flames , David Backes 2 (Eric Staal 6) at 10:37
Penalties :
Brad Marchand (Cal) for Hooking (Minor) at 13:05, Christian Folin (Cal) for Hooking (Minor) at 16:16
Goalie Stats
Josh Harding (Det), 27 saves from 30 shots - (0.900), L, 0-2-0, 60:00 minutes
Henrik Lundqvist (Cal), 27 saves from 28 shots - (0.964), W, 6-2-1, 60:00 minutes
Players Stats for Red Wings
Player Name G A P +/- PIM S H SB GA TA FO MP PP MP PK MP
------------------------------------------------------------------------------------
Alex Picard 0 0 0 0 0 1 0 0 0 1 2/2 11:24 1:17 0:00
Carson Mcmillan 0 0 0 -1 0 1 0 0 0 0 0/0 8:57 0:09 1:20
Connor Brown 0 0 0 -1 0 1 0 0 0 0 1/1 20:05 6:10 0:00
Darroll Powe 0 0 0 -1 0 0 1 0 0 0 4/7 10:14 0:31 1:20
David Krejci 0 0 0 0 0 6 1 0 0 0 3/7 10:46 1:38 0:00
Jakub Kindl 0 1 1 1 0 3 1 0 0 0 0/0 18:36 5:09 0:00
Jiri Fischer 0 0 0 -1 0 0 0 1 0 1 0/0 24:38 3:45 1:21
Karl Alzner 0 0 0 1 0 1 0 2 2 0 0/0 14:00 1:13 0:38
Kris Versteeg 0 0 0 0 0 1 0 1 1 1 0/0 19:39 4:37 0:00
Marko Dano 0 0 0 0 0 3 4 0 1 0 0/0 20:25 4:32 0:00
Michael Haley 0 0 0 -1 0 0 1 0 0 0 0/0 8:18 0:15 0:39
Mike Richards 1 0 1 0 0 1 2 1 1 0 6/16 19:04 4:27 0:00
Nick Bjugstad 0 0 0 -1 0 4 2 1 0 1 9/20 21:11 6:10 0:39
Ole-Kristian Tollefsen 0 0 0 -2 0 1 0 1 1 0 0/0 21:49 7:29 0:38
Petr Pohl 0 0 0 0 0 0 5 0 0 1 0/0 9:57 0:46 0:00
Philip Samuelsson 0 0 0 -1 0 0 1 2 0 0 0/0 24:41 6:10 0:00
Ryan O'Byrne 0 0 0 -2 0 3 1 0 0 1 0/0 15:03 0:01 1:21
Sean Bergenheim 0 0 0 -1 2 2 1 1 0 0 0/1 19:13 5:11 0:00
Players Stats for Flames
Player Name G A P +/- PIM S H SB GA TA FO MP PP MP PK MP
------------------------------------------------------------------------------------
Alexander Radulov 0 0 0 1 2 2 1 0 2 0 0/0 15:15 1:21 0:00
Alexander Semin 0 1 1 1 0 3 4 0 0 1 1/2 21:04 1:21 5:58
Anders Lee 0 1 1 1 0 1 1 0 0 0 2/3 7:11 0:00 0:47
Brad Marchand 0 0 0 0 2 3 2 2 1 0 0/0 18:37 0:38 0:34
Brendan Mikkelson 0 1 1 3 0 0 0 0 0 0 0/0 12:43 0:00 1:28
Christian Folin 0 0 0 3 2 1 0 0 0 1 0/0 12:51 0:00 0:53
Colby Robak 0 0 0 -1 0 1 2 2 0 0 0/0 22:35 0:44 4:20
Colin Wilson 1 0 1 1 0 2 0 0 0 0 2/7 15:26 0:00 5:53
David Backes 1 1 2 0 0 4 1 0 0 1 1/2 20:49 0:00 4:25
David Ullstrom 0 0 0 0 0 1 1 0 1 0 1/1 9:00 0:00 0:09
Derek Meech 0 0 0 -1 0 0 0 1 0 0 0/0 22:35 0:44 4:20
Eric Staal 0 1 1 0 4 4 1 0 0 0 14/21 17:59 1:21 0:00
Erik Johnson 0 0 0 0 2 1 0 0 1 2 0/0 24:25 1:15 6:00
Jimmy Hayes 0 0 0 0 0 0 0 0 0 1 0/0 9:06 0:38 0:00
Kyle Palmieri 0 0 0 1 0 0 0 0 0 0 0/0 6:24 0:00 0:00
Patrik Berglund 0 0 0 0 0 5 1 0 1 0 8/18 18:38 0:38 4:59
Sami Vatanen 0 0 0 0 0 0 2 2 0 0 0/0 25:23 1:15 6:47
Steve Regier 1 0 1 1 0 2 2 0 0 0 0/0 7:59 0:00 1:03
3 Stars
1 - Henrik Lundqvist (Cal)
2 - David Backes (Cal)
3 - Steve Regier (Cal)
Power Play
Red Wings - 0 on 6 Attempt(s) - 0.00%
Flames - 0 on 1 Attempt(s) - 0.00%
Penalty Kill
Red Wings - 1 on 1 Attempt(s) - 100.00%
- Score 0 goal in Penalty Kill
Flames - 6 on 6 Attempt(s) - 100.00%
- Score 0 goal in Penalty Kill
Team Stat
Red Wings - Hits : 20 - Faceoff Wins : 25 - Blocked Shots : 10 - Penalty Minutes : 2
Flames - Hits : 18 - Faceoff Wins : 29 - Blocked Shots : 7 - Penalty Minutes : 12
Official
Referees : Unknown
Linesman : Unknown
Game Notes
No Game Note
Finance
Level 1 -- Attendance: 4870 (81.17%) -- Ticket Income $540,570
Level 2 -- Attendance: 3656 (73.12%) -- Ticket Income $259,576
Level 3 -- Attendance: 1667 (83.35%) -- Ticket Income $76,682
Level 4 -- Attendance: 2896 (72.40%) -- Ticket Income $89,776
Luxury Box -- Attendance: 768 (76.80%) -- Ticket Income $150,528
Game was played at the Metal Center.
Total Attendance: 13857 (76.98%)
Total Ticket Income: $1,117,132
Other Income: $167,570
Total Income: $1,284,702
Red Wings
5 vs 5 Forward
Center Left Wing Right Wing Time % Phy DF OF
1 Mike Richards Marko Dano Kris Versteeg 35 0 2 3
2 Nick Bjugstad Sean Bergenheim Connor Brown 35 0 2 3
3 David Krejci Alex Picard Petr Pohl 20 0 3 2
4 Darroll Powe Michael Haley Carson Mcmillan 10 0 3 2
5 vs 5 Defense
Defense Defense Time % Phy DF OF
1 Jiri Fischer Philip Samuelsson 40 1 2 2
2 Ole-Kristian Tollefsen Ryan O'Byrne 30 1 2 2
3 Karl Alzner Jakub Kindl 20 1 2 2
4 Karl Alzner Jakub Kindl 10 1 2 2
PowerPlay Forward
Center Left Wing Right Wing Time % Phy DF OF
1 Mike Richards Sean Bergenheim Kris Versteeg 55 0 1 4
2 Nick Bjugstad Marko Dano Connor Brown 45 0 1 4
PowerPlay Defense
Defense Defense Time % Phy DF OF
1 Philip Samuelsson Ole-Kristian Tollefsen 60 0 1 4
2 Jakub Kindl Jiri Fischer 40 0 1 4
Penalty Kill 4 Players Forward
Center Wing Time % Phy DF OF
1 Darroll Powe Carson Mcmillan 55 0 4 1
2 Sean Bergenheim Michael Haley 45 0 4 1
Penalty Kill 4 Players Defense
Defense Defense Time % Phy DF OF
1 Jiri Fischer Ryan O'Byrne 60 1 4 0
2 Karl Alzner Ole-Kristian Tollefsen 40 1 4 0
Penalty Kill - 3 Players Forward
Forward Time % Phy DF OF
1 Carson Mcmillan 60 0 5 0
2 Michael Haley 40 0 5 0
Penalty Kill - 3 Players Defense
Defense Defense Time % Phy DF OF
1 Jiri Fischer Ryan O'Byrne 60 0 5 0
2 Ole-Kristian Tollefsen Karl Alzner 40 0 5 0
4 vs 4 Forward
Center Wing Time % Phy DF OF
1 Mike Richards Marko Dano 60 0 2 3
2 Sean Bergenheim Connor Brown 40 0 2 3
4 vs 4 Defense
Defense Defense Time % Phy DF OF
1 Jiri Fischer Philip Samuelsson 60 0 3 2
2 Ole-Kristian Tollefsen Karl Alzner 40 0 3 2
Last Minutes Offensive
Center Left Wing Right Wing Defense Defense
Mike Richards Sean Bergenheim Kris Versteeg Philip Samuelsson Ole-Kristian Tollefsen
Last Minutes Defensive
Center Left Wing Right Wing Defense Defense
Darroll Powe Michael Haley Carson Mcmillan Ole-Kristian Tollefsen Ryan O'Byrne
Goaltenders
Starting : Josh Harding
Backup : James Reimer
Extra Forwards
Normal : Marko Dano, Connor Brown, Alex Picard - PP : David Krejci, Alex Picard - PK : Sean Bergenheim
Extra Defensemen
Normal : Jiri Fischer, Ole-Kristian Tollefsen, Jakub Kindl - PP : Jiri Fischer - PK : Jakub Kindl, Philip Samuelsson
Penalty Shots
Kris Versteeg, Mike Richards, Nick Bjugstad, Marko Dano, Carson Mcmillan
Scratches
Chuck Kobasew (Healthy), Petter Granberg (Healthy)
Flames
5 vs 5 Forward
Center Left Wing Right Wing Time % Phy DF OF
1 Eric Staal Brad Marchand David Backes 40 1 2 2
2 Patrik Berglund Alexander Semin Alexander Radulov 33 1 2 2
3 Colin Wilson David Ullstrom Jimmy Hayes 19 1 2 2
4 Anders Lee Steve Regier Kyle Palmieri 8 1 2 2
5 vs 5 Defense
Defense Defense Time % Phy DF OF
1 Erik Johnson Sami Vatanen 38 1 2 2
2 Derek Meech Colby Robak 29 2 2 1
3 Christian Folin Brendan Mikkelson 23 2 2 1
4 Derek Meech Colby Robak 10 2 2 1
PowerPlay Forward
Center Left Wing Right Wing Time % Phy DF OF
1 Eric Staal Alexander Semin Alexander Radulov 60 1 2 2
2 Patrik Berglund Brad Marchand Jimmy Hayes 40 1 2 2
PowerPlay Defense
Defense Defense Time % Phy DF OF
1 Erik Johnson Sami Vatanen 60 1 2 2
2 Derek Meech Colby Robak 40 1 2 2
Penalty Kill 4 Players Forward
Center Wing Time % Phy DF OF
1 Patrik Berglund David Backes 50 1 3 1
2 Colin Wilson Alexander Semin 50 1 3 1
Penalty Kill 4 Players Defense
Defense Defense Time % Phy DF OF
1 Erik Johnson Sami Vatanen 58 1 3 1
2 Derek Meech Colby Robak 42 1 3 1
Penalty Kill - 3 Players Forward
Forward Time % Phy DF OF
1 Eric Staal 50 1 4 0
2 Brad Marchand 50 1 4 0
Penalty Kill - 3 Players Defense
Defense Defense Time % Phy DF OF
1 Erik Johnson Sami Vatanen 58 1 4 0
2 Derek Meech Colby Robak 42 1 4 0
4 vs 4 Forward
Center Wing Time % Phy DF OF
1 Eric Staal Alexander Semin 60 2 2 1
2 Colin Wilson Brad Marchand 40 2 2 1
4 vs 4 Defense
Defense Defense Time % Phy DF OF
1 Erik Johnson Sami Vatanen 60 2 2 1
2 Derek Meech Colby Robak 40 2 2 1
Last Minutes Offensive
Center Left Wing Right Wing Defense Defense
Eric Staal Alexander Semin David Backes Erik Johnson Sami Vatanen
Last Minutes Defensive
Center Left Wing Right Wing Defense Defense
Eric Staal Alexander Semin David Backes Erik Johnson Sami Vatanen
Goaltenders
Starting : Henrik Lundqvist
Backup : Christopher Gibson
Extra Forwards
Normal : Brad Marchand, Alexander Semin, David Ullstrom - PP : David Ullstrom, Colin Wilson - PK : Brad Marchand
Extra Defensemen
Normal : Sami Vatanen, Derek Meech, Colby Robak - PP : Derek Meech - PK : Brendan Mikkelson, Christian Folin
Penalty Shots
Eric Staal, Alexander Semin, David Backes, Brad Marchand, Patrik Berglund
Scratches
None
% Time on Ice - Red Wings
Lines # - Real PCT - Wanted PCT - Time Play
Normal Forward
1 - 32% - 35% - 14:46
2 - 34% - 35% - 15:30
3 - 19% - 20% - 8:40
4 - 16% - 10% - 7:11
Normal Defense
1 - 44% - 40% - 20:20
2 - 29% - 30% - 13:28
3 - 20% - 20% - 9:19
4 - 7% - 10% - 3:00
PP Forward
1 - 44% - 55% - 5:17
2 - 56% - 45% - 6:37
PP Defense
1 - 63% - 60% - 7:30
2 - 37% - 40% - 4:24
PK Forward
1 - 67% - 55% - 1:20
2 - 33% - 45% - 0:39
PK Defense
1 - 68% - 60% - 1:21
2 - 32% - 40% - 0:38
PK3 Forward
1 - 0% - 60%
2 - 0% - 40%
PK3 Defense
1 - 0% - 60%
2 - 0% - 40%
44 Forward
1 - 0% - 60%
2 - 0% - 40%
44 Defense
1 - 0% - 60%
2 - 0% - 40%
Last Minute Offensive - 0:00
Last Minute Defensive - 0:00
Total
Forward - 60:00
Defense - 60:00
|
% Time on Ice - Flames
Lines # - Real PCT - Wanted PCT - Time Play
Normal Forward
1 - 37% - 40% - 16:54
2 - 32% - 33% - 14:33
3 - 18% - 19% - 8:16
4 - 14% - 8% - 6:24
Normal Defense
1 - 38% - 38% - 17:37
2 - 31% - 29% - 14:14
3 - 24% - 23% - 10:59
4 - 7% - 10% - 3:17
PP Forward
1 - 68% - 60% - 1:21
2 - 32% - 40% - 0:38
PP Defense
1 - 63% - 60% - 1:15
2 - 37% - 40% - 0:44
PK Forward
1 - 44% - 50% - 5:14
2 - 56% - 50% - 6:40
PK Defense
1 - 64% - 58% - 7:34
2 - 36% - 42% - 4:20
PK3 Forward
1 - 0% - 50%
2 - 0% - 50%
PK3 Defense
1 - 0% - 58%
2 - 0% - 42%
44 Forward
1 - 0% - 60%
2 - 0% - 40%
44 Defense
1 - 0% - 60%
2 - 0% - 40%
Last Minute Offensive - 0:00
Last Minute Defensive - 0:00
Total
Forward - 60:00
Defense - 60:00
|
Play-by-Play
1st period
0:01 of 1st period - Eric Staal wins face-off versus Mike Richards in neutral zone.
0:08 of 1st period - Wrist shot by Brad Marchand.
0:08 of 1st period - Stopped by Josh Harding with a rebound.
0:10 of 1st period - Snap shot by Eric Staal.
0:10 of 1st period - Stopped by Josh Harding without a rebound.
0:11 of 1st period - Nick Bjugstad wins face-off versus Patrik Berglund in Red Wings zone.
0:26 of 1st period - Slapshot by Sean Bergenheim.
0:26 of 1st period - Shot Blocked by Colby Robak.
0:38 of 1st period - Colin Wilson is hit by David Krejci and loses puck.
1:05 of 1st period - Wrist shot by Kris Versteeg.
1:05 of 1st period - Stopped by Henrik Lundqvist with a rebound.
2:25 of 1st period - Icing by Colby Robak.
2:26 of 1st period - Eric Staal wins face-off versus Mike Richards in Flames zone.
4:04 of 1st period - Snap shot by Marko Dano.
4:04 of 1st period - Shot Blocked by Brad Marchand.
4:10 of 1st period - Christian Folin is hit by Marko Dano.
4:57 of 1st period - Wrist shot by Kris Versteeg.
4:57 of 1st period - Shot Misses the Net.
5:29 of 1st period - Snap shot by Eric Staal.
5:29 of 1st period - Stopped by Josh Harding without a rebound.
5:30 of 1st period - Nick Bjugstad wins face-off versus Alexander Semin in Red Wings zone.
5:30 of 1st period - Nick Bjugstad is hit by Alexander Semin.
5:38 of 1st period - Slapshot by Connor Brown.
5:38 of 1st period - Deflect By Sean Bergenheim.
5:38 of 1st period - Stopped by Henrik Lundqvist with a rebound.
5:56 of 1st period - Wrist shot by David Ullstrom.
5:56 of 1st period - Stopped by Josh Harding without a rebound.
5:57 of 1st period - Colin Wilson wins face-off versus David Krejci in Red Wings zone.
6:32 of 1st period - Wrist shot by Alexander Radulov.
6:32 of 1st period - Shot Blocked by Sean Bergenheim.
6:58 of 1st period - Wrist shot by Kyle Palmieri.
6:58 of 1st period - Shot Misses the Net.
7:35 of 1st period - Connor Brown is hit by Sami Vatanen and loses puck.
8:49 of 1st period - Minor Penalty to Erik Johnson for High sticking.
8:50 of 1st period - David Krejci wins face-off versus Colin Wilson in Flames zone.
8:55 of 1st period - Wrist shot by Connor Brown.
8:55 of 1st period - Shot Blocked by Derek Meech.
8:57 of 1st period - Wrist shot by David Krejci.
8:57 of 1st period - Stopped by Henrik Lundqvist without a rebound.
8:58 of 1st period - Nick Bjugstad wins face-off versus Colin Wilson in Flames zone.
10:09 of 1st period - Derek Meech is hit by Marko Dano and loses puck.
10:49 of 1st period - Penalty to Erik Johnson is over, Erik Johnson is back on ice.
11:36 of 1st period - Icing by Sami Vatanen.
11:37 of 1st period - Darroll Powe wins face-off versus Colin Wilson in Flames zone.
11:38 of 1st period - Snap shot by Carson Mcmillan.
11:38 of 1st period - Stopped by Henrik Lundqvist with a rebound.
11:40 of 1st period - Slapshot by Jakub Kindl.
11:40 of 1st period - Stopped by Henrik Lundqvist without a rebound.
11:41 of 1st period - Nick Bjugstad wins face-off versus Patrik Berglund in Flames zone.
11:48 of 1st period - Snap shot by Nick Bjugstad.
11:48 of 1st period - Shot Misses the Net.
12:08 of 1st period - Wrist shot by Mike Richards.
12:08 of 1st period - Goal by Mike Richards - Red Wings : 1 - Flames : 0.
12:09 of 1st period - Nick Bjugstad wins face-off versus Patrik Berglund in neutral zone.
12:12 of 1st period - Wrist shot by Nick Bjugstad.
12:12 of 1st period - Stopped by Henrik Lundqvist without a rebound.
12:13 of 1st period - Patrik Berglund wins face-off versus Nick Bjugstad in Flames zone.
12:40 of 1st period - Snap shot by Marko Dano.
12:40 of 1st period - Shot Misses the Net.
12:50 of 1st period - Backhand shot by David Backes.
12:50 of 1st period - Stopped by Josh Harding without a rebound.
12:51 of 1st period - Patrik Berglund wins face-off versus David Krejci in Red Wings zone.
13:03 of 1st period - Slapshot by Ole-Kristian Tollefsen.
13:03 of 1st period - Deflect By Sami Vatanen.
13:03 of 1st period - Stopped by Henrik Lundqvist without a rebound.
13:04 of 1st period - Connor Brown wins face-off versus Patrik Berglund in Flames zone.
13:05 of 1st period - Snap shot by Nick Bjugstad.
13:05 of 1st period - Shot Misses the Net.
13:07 of 1st period - Wrist shot by Nick Bjugstad.
13:07 of 1st period - Stopped by Henrik Lundqvist without a rebound.
13:08 of 1st period - Patrik Berglund wins face-off versus Nick Bjugstad in Flames zone.
13:39 of 1st period - Snap shot by Marko Dano.
13:39 of 1st period - Stopped by Henrik Lundqvist with a rebound.
13:58 of 1st period - Off-side.
13:59 of 1st period - David Ullstrom wins face-off versus David Krejci in neutral zone.
14:31 of 1st period - Minor Penalty to Alexander Radulov for Interference.
14:32 of 1st period - Patrik Berglund wins face-off versus Mike Richards in Flames zone.
14:46 of 1st period - Wrist shot by Mike Richards.
14:46 of 1st period - Shot Misses the Net.
14:58 of 1st period - Philip Samuelsson is hit by Patrik Berglund and loses puck.
15:21 of 1st period - Sean Bergenheim is hit by Alexander Semin and loses puck.
16:19 of 1st period - Derek Meech is hit by Jakub Kindl and loses puck.
16:31 of 1st period - Penalty to Alexander Radulov is over, Alexander Radulov is back on ice.
17:20 of 1st period - Slapshot by Alexander Semin.
17:20 of 1st period - Shot Blocked by Jiri Fischer.
17:22 of 1st period - Wrist shot by Alexander Semin.
17:22 of 1st period - Deflect By Colin Wilson.
17:22 of 1st period - Goal by Colin Wilson - Red Wings : 1 - Flames : 1.
17:23 of 1st period - Nick Bjugstad wins face-off versus David Backes in neutral zone.
17:50 of 1st period - Erik Johnson is hit by Petr Pohl.
18:12 of 1st period - Snap shot by Anders Lee.
18:12 of 1st period - Shot Blocked by Kris Versteeg.
18:14 of 1st period - Backhand shot by Steve Regier.
18:14 of 1st period - Goal by Steve Regier - Red Wings : 1 - Flames : 2.
18:15 of 1st period - Patrik Berglund wins face-off versus Nick Bjugstad in neutral zone.
18:41 of 1st period - Erik Johnson is hit by Petr Pohl and loses puck.
19:00 of 1st period - Snap shot by Alexander Semin.
19:00 of 1st period - Shot Misses the Net.
19:22 of 1st period - Slapshot by Erik Johnson.
19:22 of 1st period - Stopped by Josh Harding with a rebound.
19:56 of 1st period - Wrist shot by Connor Brown.
19:56 of 1st period - Shot Blocked by Colby Robak.
Goals for this period are 1 for Red Wings vs 2 for Flames.
Shots for this period are 10 for Red Wings vs 8 for Flames.
2nd period
0:01 of 2nd period - Nick Bjugstad wins face-off versus Eric Staal in neutral zone.
0:06 of 2nd period - Slapshot by Karl Alzner.
0:06 of 2nd period - Stopped by Henrik Lundqvist with a rebound.
0:08 of 2nd period - Slapshot by Jakub Kindl.
0:08 of 2nd period - Stopped by Henrik Lundqvist with a rebound.
0:22 of 2nd period - Minor Penalty to Eric Staal for Holding.
0:23 of 2nd period - David Backes wins face-off versus Sean Bergenheim in Flames zone.
0:50 of 2nd period - Sami Vatanen is hit by Marko Dano and loses puck.
0:57 of 2nd period - Slapshot by Derek Meech.
0:57 of 2nd period - Shot Misses the Net.
2:19 of 2nd period - Snap shot by Brad Marchand.
2:19 of 2nd period - Shot Misses the Net.
2:22 of 2nd period - Penalty to Eric Staal is over, Eric Staal is back on ice.
2:33 of 2nd period - Wrist shot by Steve Regier.
2:33 of 2nd period - Stopped by Josh Harding with a rebound.
2:35 of 2nd period - Wrist shot by Brendan Mikkelson.
2:35 of 2nd period - Deflect By Anders Lee.
2:35 of 2nd period - Stopped by Josh Harding without a rebound.
2:36 of 2nd period - David Krejci wins face-off versus Eric Staal in Red Wings zone.
2:43 of 2nd period - David Backes is hit by Petr Pohl and loses puck.
2:52 of 2nd period - Slapshot by David Krejci.
2:52 of 2nd period - Stopped by Henrik Lundqvist with a rebound.
3:21 of 2nd period - Off-side.
3:22 of 2nd period - Mike Richards wins face-off versus Patrik Berglund in neutral zone.
3:48 of 2nd period - Wrist shot by David Krejci.
3:48 of 2nd period - Shot Misses the Net.
4:07 of 2nd period - Snap shot by Eric Staal.
4:07 of 2nd period - Shot Blocked by Karl Alzner.
4:09 of 2nd period - Snap shot by Eric Staal.
4:09 of 2nd period - Stopped by Josh Harding without a rebound.
4:10 of 2nd period - Darroll Powe wins face-off versus Patrik Berglund in Red Wings zone.
4:19 of 2nd period - Slapshot by Sami Vatanen.
4:19 of 2nd period - Shot Blocked by Karl Alzner.
4:21 of 2nd period - Snap shot by Alexander Semin.
4:21 of 2nd period - Stopped by Josh Harding without a rebound.
4:22 of 2nd period - Eric Staal wins face-off versus Mike Richards in Red Wings zone.
5:08 of 2nd period - Minor Penalty to Sean Bergenheim for Holding Stick.
5:09 of 2nd period - Darroll Powe wins face-off versus Eric Staal in Red Wings zone.
5:09 of 2nd period - Darroll Powe is hit by Alexander Semin.
5:40 of 2nd period - Wrist shot by Patrik Berglund.
5:40 of 2nd period - Stopped by Josh Harding with a rebound.
5:42 of 2nd period - Snap shot by Derek Meech.
5:42 of 2nd period - Shot Blocked by Ole-Kristian Tollefsen.
5:44 of 2nd period - Slapshot by Colby Robak.
5:44 of 2nd period - Stopped by Josh Harding without a rebound.
5:45 of 2nd period - Darroll Powe wins face-off versus Patrik Berglund in Red Wings zone.
6:18 of 2nd period - Snap shot by Eric Staal.
6:18 of 2nd period - Shot Misses the Net.
6:20 of 2nd period - Snap shot by Alexander Radulov.
6:20 of 2nd period - Stopped by Josh Harding without a rebound.
6:21 of 2nd period - Eric Staal wins face-off versus Nick Bjugstad in Red Wings zone.
6:26 of 2nd period - Snap shot by Alexander Radulov.
6:26 of 2nd period - Stopped by Josh Harding without a rebound.
6:27 of 2nd period - Eric Staal wins face-off versus Darroll Powe in Red Wings zone.
6:38 of 2nd period - Snap shot by Alexander Semin.
6:38 of 2nd period - Stopped by Josh Harding without a rebound.
6:39 of 2nd period - Eric Staal wins face-off versus Darroll Powe in Red Wings zone.
7:08 of 2nd period - Penalty to Sean Bergenheim is over, Sean Bergenheim is back on ice.
7:30 of 2nd period - Wrist shot by Mike Richards.
7:30 of 2nd period - Shot Misses the Net.
7:32 of 2nd period - Wrist shot by Ryan O'Byrne.
7:32 of 2nd period - Stopped by Henrik Lundqvist with a rebound.
7:34 of 2nd period - Slapshot by Ryan O'Byrne.
7:34 of 2nd period - Stopped by Henrik Lundqvist with a rebound.
7:36 of 2nd period - Slapshot by Ryan O'Byrne.
7:36 of 2nd period - Stopped by Henrik Lundqvist with a rebound.
7:38 of 2nd period - Wrist shot by Marko Dano.
7:38 of 2nd period - Stopped by Henrik Lundqvist without a rebound.
7:39 of 2nd period - Eric Staal wins face-off versus Nick Bjugstad in Flames zone.
7:41 of 2nd period - Minor Penalty to Eric Staal for Cross-checking.
7:42 of 2nd period - Mike Richards wins face-off versus Colin Wilson in Flames zone.
7:59 of 2nd period - Slapshot by Ole-Kristian Tollefsen.
7:59 of 2nd period - Shot Misses the Net.
8:32 of 2nd period - Icing by Sean Bergenheim.
8:33 of 2nd period - Patrik Berglund wins face-off versus Mike Richards in Red Wings zone.
8:38 of 2nd period - Snap shot by Patrik Berglund.
8:38 of 2nd period - Stopped by Josh Harding without a rebound.
8:39 of 2nd period - Mike Richards wins face-off versus Colin Wilson in Red Wings zone.
9:21 of 2nd period - Sami Vatanen is hit by Nick Bjugstad and loses puck.
9:41 of 2nd period - Penalty to Eric Staal is over, Eric Staal is back on ice.
9:56 of 2nd period - Off-side.
9:57 of 2nd period - David Krejci wins face-off versus Eric Staal in neutral zone.
11:01 of 2nd period - Wrist shot by Colin Wilson.
11:01 of 2nd period - Shot Misses the Net.
11:17 of 2nd period - Jiri Fischer is hit by David Backes and loses puck.
11:32 of 2nd period - Brendan Mikkelson is hit by Marko Dano and loses puck.
11:46 of 2nd period - Off-side.
11:47 of 2nd period - Anders Lee wins face-off versus David Krejci in neutral zone.
11:51 of 2nd period - Off-side.
11:52 of 2nd period - Nick Bjugstad wins face-off versus Anders Lee in neutral zone.
11:55 of 2nd period - Slapshot by Ryan O'Byrne.
11:55 of 2nd period - Shot Misses the Net.
12:01 of 2nd period - Wrist shot by Connor Brown.
12:01 of 2nd period - Shot Misses the Net.
12:03 of 2nd period - Wrist shot by Nick Bjugstad.
12:03 of 2nd period - Stopped by Henrik Lundqvist without a rebound.
12:04 of 2nd period - Mike Richards wins face-off versus Eric Staal in Flames zone.
12:35 of 2nd period - Icing by Sean Bergenheim.
12:36 of 2nd period - Alexander Semin wins face-off versus Nick Bjugstad in Red Wings zone.
12:41 of 2nd period - Wrist shot by Alexander Radulov.
12:41 of 2nd period - Shot Blocked by Nick Bjugstad.
13:03 of 2nd period - Jiri Fischer is hit by Eric Staal.
13:25 of 2nd period - Snap shot by Colin Wilson.
13:25 of 2nd period - Stopped by Josh Harding with a rebound.
13:40 of 2nd period - Colin Wilson is hit by Philip Samuelsson and loses puck.
14:01 of 2nd period - Snap shot by Alexander Semin.
14:01 of 2nd period - Shot Misses the Net.
14:03 of 2nd period - Snap shot by Patrik Berglund.
14:03 of 2nd period - Stopped by Josh Harding with a rebound.
14:33 of 2nd period - Ole-Kristian Tollefsen is hit by Anders Lee and loses puck.
15:31 of 2nd period - Wrist shot by David Backes.
15:31 of 2nd period - Shot Misses the Net.
16:00 of 2nd period - Jakub Kindl is hit by Steve Regier and loses puck.
17:04 of 2nd period - Sami Vatanen is hit by Michael Haley and loses puck.
17:17 of 2nd period - Wrist shot by David Krejci.
17:17 of 2nd period - Stopped by Henrik Lundqvist with a rebound.
17:21 of 2nd period - Wrist shot by David Krejci.
17:21 of 2nd period - Stopped by Henrik Lundqvist with a rebound.
17:27 of 2nd period - Snap shot by Alex Picard.
17:27 of 2nd period - Stopped by Henrik Lundqvist with a rebound.
17:43 of 2nd period - Wrist shot by Alexander Semin.
17:43 of 2nd period - Stopped by Josh Harding with a rebound.
18:19 of 2nd period - Kyle Palmieri is hit by Darroll Powe and loses puck.
19:00 of 2nd period - Colby Robak is hit by Nick Bjugstad and loses puck.
19:19 of 2nd period - Kyle Palmieri is hit by Mike Richards and loses puck.
19:55 of 2nd period - Colin Wilson is hit by Ryan O'Byrne and loses puck.
Goals for this period are 0 for Red Wings vs 0 for Flames.
Shots for this period are 11 for Red Wings vs 13 for Flames.
3rd period
0:01 of 3rd period - Eric Staal wins face-off versus Mike Richards in neutral zone.
0:04 of 3rd period - Wrist shot by Eric Staal.
0:04 of 3rd period - Stopped by Josh Harding with a rebound.
0:06 of 3rd period - Snap shot by Brad Marchand.
0:06 of 3rd period - Deflect By Philip Samuelsson.
0:06 of 3rd period - Shot Blocked by Mike Richards.
0:06 of 3rd period - Puck is out of play.
0:07 of 3rd period - Eric Staal wins face-off versus Mike Richards in Red Wings zone.
0:26 of 3rd period - Snap shot by Eric Staal.
0:26 of 3rd period - Shot Blocked by Philip Samuelsson.
0:28 of 3rd period - Snap shot by Brad Marchand.
0:28 of 3rd period - Stopped by Josh Harding with a rebound.
0:30 of 3rd period - Slapshot by David Backes.
0:30 of 3rd period - Stopped by Josh Harding without a rebound.
0:31 of 3rd period - Nick Bjugstad wins face-off versus Patrik Berglund in Red Wings zone.
0:37 of 3rd period - Off-side.
0:38 of 3rd period - Patrik Berglund wins face-off versus Nick Bjugstad in neutral zone.
1:03 of 3rd period - Wrist shot by Alexander Radulov.
1:03 of 3rd period - Shot Misses the Net.
1:43 of 3rd period - Wrist shot by Patrik Berglund.
1:43 of 3rd period - Stopped by Josh Harding with a rebound.
2:01 of 3rd period - Slapshot by Connor Brown.
2:01 of 3rd period - Shot Blocked by Sami Vatanen.
2:03 of 3rd period - Snap shot by Karl Alzner.
2:03 of 3rd period - Shot Blocked by Sami Vatanen.
2:05 of 3rd period - Slapshot by Karl Alzner.
2:05 of 3rd period - Shot Misses the Net.
2:07 of 3rd period - Slapshot by Karl Alzner.
2:07 of 3rd period - Shot Misses the Net.
2:09 of 3rd period - Snap shot by Jakub Kindl.
2:09 of 3rd period - Stopped by Henrik Lundqvist without a rebound.
2:10 of 3rd period - Eric Staal wins face-off versus Mike Richards in Flames zone.
3:19 of 3rd period - Ole-Kristian Tollefsen is hit by Steve Regier and loses puck.
4:34 of 3rd period - Ole-Kristian Tollefsen is hit by Colby Robak and loses puck.
4:49 of 3rd period - Patrik Berglund is hit by Mike Richards and loses puck.
6:38 of 3rd period - Jiri Fischer is hit by Sami Vatanen and loses puck.
7:42 of 3rd period - Slapshot by Nick Bjugstad.
7:42 of 3rd period - Stopped by Henrik Lundqvist with a rebound.
7:44 of 3rd period - Snap shot by Sean Bergenheim.
7:44 of 3rd period - Stopped by Henrik Lundqvist without a rebound.
7:45 of 3rd period - Eric Staal wins face-off versus Nick Bjugstad in Flames zone.
7:56 of 3rd period - Wrist shot by Brad Marchand.
7:56 of 3rd period - Stopped by Josh Harding without a rebound.
7:57 of 3rd period - Mike Richards wins face-off versus Eric Staal in Red Wings zone.
7:57 of 3rd period - Mike Richards is hit by Colby Robak.
8:05 of 3rd period - Snap shot by Marko Dano.
8:05 of 3rd period - Stopped by Henrik Lundqvist with a rebound.
8:11 of 3rd period - Slapshot by Colby Robak.
8:11 of 3rd period - Deflect By David Backes.
8:11 of 3rd period - Stopped by Josh Harding with a rebound.
8:13 of 3rd period - Wrist shot by Colby Robak.
8:13 of 3rd period - Shot Blocked by Philip Samuelsson.
8:23 of 3rd period - Patrik Berglund is hit by Sean Bergenheim and loses puck.
8:28 of 3rd period - Snap shot by Connor Brown.
8:28 of 3rd period - Stopped by Henrik Lundqvist with a rebound.
8:30 of 3rd period - Slapshot by Nick Bjugstad.
8:30 of 3rd period - Shot Misses the Net.
8:48 of 3rd period - Snap shot by Alex Picard.
8:48 of 3rd period - Shot Misses the Net.
8:50 of 3rd period - Wrist shot by David Krejci.
8:50 of 3rd period - Stopped by Henrik Lundqvist with a rebound.
8:52 of 3rd period - Slapshot by David Krejci.
8:52 of 3rd period - Stopped by Henrik Lundqvist without a rebound.
8:53 of 3rd period - Eric Staal wins face-off versus Mike Richards in Flames zone.
8:57 of 3rd period - Off-side.
8:58 of 3rd period - Mike Richards wins face-off versus Eric Staal in neutral zone.
9:11 of 3rd period - Kris Versteeg is hit by Brad Marchand and loses puck.
9:32 of 3rd period - Slapshot by Kris Versteeg.
9:32 of 3rd period - Shot Misses the Net.
9:46 of 3rd period - Connor Brown is hit by Alexander Semin and loses puck.
10:21 of 3rd period - Wrist shot by Patrik Berglund.
10:21 of 3rd period - Stopped by Josh Harding without a rebound.
10:22 of 3rd period - Eric Staal wins face-off versus Nick Bjugstad in Red Wings zone.
10:37 of 3rd period - Snap shot by David Backes.
10:37 of 3rd period - Goal by David Backes - Red Wings : 1 - Flames : 3.
10:38 of 3rd period - Eric Staal wins face-off versus Mike Richards in neutral zone.
10:53 of 3rd period - Slapshot by Kris Versteeg.
10:53 of 3rd period - Shot Blocked by Brad Marchand.
11:01 of 3rd period - Jiri Fischer is hit by Brad Marchand and loses puck.
12:36 of 3rd period - Snap shot by Kris Versteeg.
12:36 of 3rd period - Shot Misses the Net.
12:40 of 3rd period - Wrist shot by Kris Versteeg.
12:40 of 3rd period - Shot Misses the Net.
12:54 of 3rd period - Slapshot by Marko Dano.
12:54 of 3rd period - Shot Misses the Net.
13:05 of 3rd period - Minor Penalty to Brad Marchand for Hooking.
13:06 of 3rd period - Colin Wilson wins face-off versus Nick Bjugstad in Flames zone.
13:54 of 3rd period - Anders Lee is hit by Petr Pohl.
14:20 of 3rd period - Steve Regier is hit by Petr Pohl and loses puck.
15:05 of 3rd period - Penalty to Brad Marchand is over, Brad Marchand is back on ice.
15:20 of 3rd period - Slapshot by Christian Folin.
15:20 of 3rd period - Stopped by Josh Harding without a rebound.
15:21 of 3rd period - Alex Picard wins face-off versus Patrik Berglund in Red Wings zone.
15:59 of 3rd period - Icing by Kyle Palmieri.
16:00 of 3rd period - Anders Lee wins face-off versus Darroll Powe in Flames zone.
16:05 of 3rd period - Philip Samuelsson is hit by David Ullstrom and loses puck.
16:16 of 3rd period - Minor Penalty to Christian Folin for Hooking.
16:17 of 3rd period - Patrik Berglund wins face-off versus Nick Bjugstad in Flames zone.
18:16 of 3rd period - Penalty to Christian Folin is over, Christian Folin is back on ice.
18:19 of 3rd period - Wrist shot by Erik Johnson.
18:19 of 3rd period - Shot Misses the Net.
18:25 of 3rd period - Wrist shot by Brad Marchand.
18:25 of 3rd period - Shot Misses the Net.
18:56 of 3rd period - Icing by Connor Brown.
18:57 of 3rd period - Alex Picard wins face-off versus Patrik Berglund in Red Wings zone.
18:57 of 3rd period - Alex Picard is hit by Alexander Radulov.
Goals for this period are 0 for Red Wings vs 1 for Flames.
Shots for this period are 7 for Red Wings vs 9 for Flames.